 Dungeon Crawl Stone Soup version 0.21.1-1-g345015fe64 (webtiles) character file.

891 Holzbalken the Cleaver (level 8, -6/64 HPs)
             Began as a Hill Orc Monk on July 16, 2018.
             Mangled by an ogre
             ... wielding a +0 giant spiked club
              (16 damage)
             ... on level 5 of the Dungeon.
             The game lasted 00:20:14 (6963 turns).

Holzbalken the Cleaver (Hill Orc Monk)              Turns: 6963, Time: 00:20:15

Health: -6/64      AC:  8    Str: 16    XL:     8   Next: 6%
Magic:  8/8        EV: 10    Int: 10    God:
Gold:   248        SH:  0    Dex: 13    Spells: 7/7 levels left

rFire    . . .     SeeInvis .   a - +0 hand axe
rCold    . . .     Gourm    .   (no shield)
rNeg     . . .     Faith    .   s - +0 scale mail
rPois    .         Spirit   .   w - +0 helmet
rElec    .         Reflect  .   z - +0 cloak
rCorr    .         Harm     .   (no gloves)
MR       .....                  (no boots)
Stlth    ..........             y - amulet of regeneration
HPRegen  0.60/turn              (no ring)
MPRegen  0.11/turn              (no ring)

@: no status effects
A: no striking features
a: no special abilities


You were on level 5 of the Dungeon.
You were not hungry.

You visited 2 branches of the dungeon, and saw 6 of its levels.

You collected 248 gold pieces.

Inventory:

Hand Weapons
 a - a +0 hand axe (weapon)
 r - a +0 mace
Armour
 b - a +0 robe
 d - a +0 leather armour
 s - a +0 scale mail (worn)
 w - a +0 helmet (worn)
 z - a +0 cloak (worn)
Jewellery
 y - an amulet of regeneration (around neck)
 A - an uncursed amulet of rage
Scrolls
 e - 3 scrolls of remove curse {unknown}
 g - a scroll of fear {unknown}
 h - 3 scrolls of fog {unknown}
 i - a scroll of enchant armour {unknown}
 j - a scroll of amnesia {unknown}
 l - a scroll of magic mapping
 n - 2 scrolls of enchant weapon {unknown}
 o - 2 scrolls of teleportation {unknown}
 p - 2 scrolls of immolation {unknown}
 t - 2 scrolls of noise {unknown}
 u - a scroll of blinking {unknown}
Potions
 f - a potion of haste
 k - a potion of flight
 q - 3 potions of curing
 v - a potion of mutation {unknown}
 x - a potion of might {unknown}
 B - a potion of agility {unknown}
 C - a potion of heal wounds
Comestibles
 c - 5 rations


   Skills:
 - Level 3.6 Fighting
 + Level 12.0 Axes
 - Level 2.4 Dodging
 - Level 1.5 Stealth


You had 7 spell levels left.
You didn't know any spells.

Dungeon Overview and Level Annotations

Branches:
Dungeon (5/15)             Temple (1/1) D:4

Altars:
Ashenzari
Dithmenos
Elyvilon
Fedhas
Gozag
Kikubaaqudgha
Makhleb
Okawaru
Trog
Uskayaw
Wu Jian
Xom
Zin
The Shining One

Shops:
D:4 }   D:5 (

Annotations:
D:2 Sigmund


Message History

The ogre is heavily wounded.
The ogre hits you with a giant spiked club!!
* * * LOW HITPOINT WARNING * * *
You closely miss the ogre.
The ogre is heavily wounded.
You closely miss the ogre.
The ogre is heavily wounded.
The ogre barely misses you.
You hit the ogre but do no damage.
The ogre is heavily wounded.
Your scale mail prevents you from hitting the ogre.
The ogre is heavily wounded.
The ogre hits you with a giant spiked club.
* * * LOW HITPOINT WARNING * * *
You slash the ogre!
The ogre is almost dead.
You hit the ogre.
The ogre is almost dead.
The ogre hits you with a giant spiked club!
You die...

##.....#### *
#.........# *
##.....##.# #
#.....##.# #
###.####.# # ###.#
#.# # #...# #.# #
#.### #.#########
#@# #..........
*#O#****####.......
*...*,,,* #.#####.
#?...,*,* #.#####.
#...#.,,* #.##....
######.** #.##.##.
*.# #.##.##. *,#
#.##.### *,*
#.##.###


You could see an ogre.

Vanquished Creatures
  Menkaure (D:4)
  Purgy (D:4)
  A hound (D:4)
  Crazy Yiuf (D:4)
  2 orc priests
  A bullfrog skeleton (D:5)
  An iguana (D:4)
  6 orc wizards
  Natasha (thrice) (D:2)
  2 worker ants
  A hound skeleton (D:5)
  Robin (D:3)
  A worker ant zombie (D:5)
  3 gnolls (D:4)
  7 adders
  A shadow imp (D:4)
  An ooze (D:2)
  An adder skeleton (D:4)
  A dart slug (D:2)
  A leopard gecko (D:3)
  8 orcs
  6 bats
  3 giant cockroaches
  13 goblins
  10 hobgoblins
  8 jackals
  3 quokkas
  2 frilled lizards (D:1)
  6 kobolds
  3 rats
99 creatures vanquished.

Vanquished Creatures (others)
  A hobgoblin (D:3)
1 creature vanquished.

Grand Total: 100 creatures vanquished

Notes
Turn   | Place    | Note
-------+----------+-------------------------------------------
     0 | D:1      | Holzbalken the Hill Orc Monk began the quest for the Orb.
     0 | D:1      | Reached XP level 1. HP: 19/19 MP: 1/1
    67 | D:1      | Found a shattered altar of Ashenzari.
   229 | D:1      | Reached XP level 2. HP: 9/26 MP: 2/2
   488 | D:1      | Reached skill level 5 in Axes
   844 | D:2      | Reached XP level 3. HP: 30/31 MP: 3/3
  1070 | D:2      | Reached skill level 6 in Axes
  1167 | D:2      | Reached XP level 4. HP: 32/39 MP: 4/4
  1416 | D:2      | Noticed Natasha
  1430 | D:2      | Killed Natasha
  1612 | D:2      | Noticed Natasha
  1632 | D:2      | Killed Natasha
  1632 | D:2      | Reached skill level 7 in Axes
  1632 | D:2      | Reached XP level 5. HP: 10/45 MP: 5/5
  2039 | D:2      | Noticed Natasha
  2048 | D:2      | Killed Natasha
  2147 | D:2      | Noticed Sigmund
  2665 | D:3      | Noticed Robin
  2680 | D:3      | Reached skill level 8 in Axes
  2682 | D:3      | Killed Robin
  3334 | D:4      | Reached XP level 6. HP: 32/51 MP: 6/6
  3646 | D:4      | Found a staircase to the Ecumenical Temple.
  3668 | D:4      | Reached skill level 9 in Axes
  3866 | Temple   | Entered the Ecumenical Temple
  3965 | D:4      | Found Ilauhig's Gadget Emporium.
  4304 | D:4      | Noticed Menkaure
  4682 | D:4      | Noticed Purgy
  4717 | D:4      | Killed Purgy
  4717 | D:4      | Reached skill level 10 in Axes
  4717 | D:4      | Reached XP level 7. HP: 12/57 MP: 7/7
  5074 | D:4      | Found a runed door.
  5078 | D:4      | Noticed Crazy Yiuf
  5093 | D:4      | Killed Crazy Yiuf
  5569 | D:4      | Killed Menkaure
  6378 | D:5      | Entered Level 5 of the Dungeon
  6408 | D:5      | Reached skill level 11 in Axes
  6693 | D:5      | Reached XP level 8. HP: 59/64 MP: 8/8
  6717 | D:5      | Found Wasmupea's Antique Weapon Shoppe.
  6855 | D:5      | Reached skill level 12 in Axes
  6963 | D:5      | Mangled by an ogre

Skill      XL: |  1  2  3  4  5  6  7  8 |
---------------+-------------------------+-----
Axes           | 5 6 7 8 10 11 12 | 12.0
Fighting       | |  3.6
Dodging        | |  2.4
Stealth        | |  1.5

Action                   |  1- 3 |  4- 6 |  7- 9 || total
-------------------------+-------+-------+-------++-------
Melee: Hand axe          |    93 |   233 |   188 ||   514
  Use: Scroll            |       |     5 |     1 ||     6
       Potion            |       |     1 |     1 ||     2
 Stab: Sleeping          |     1 |       |       ||     1
  Eat: Chunk             |     1 |     9 |     3 ||    13
       Ration            |       |       |     2 ||     2
Armor: Leather armour    |    33 |       |       ||    33
       Scale mail        |       |   120 |    52 ||   172
Dodge: Dodged            |    84 |   144 |    74 ||   302
